 Dungeon Crawl Stone Soup version 0.31.0-11-ge490571c62 (webtiles) character file.

Game seed: 3377182757981357061

197 Ashen the Sneak (level 5, -1/38 HPs)
             Began as a Gnoll Enchanter on Feb 3, 2024.
             Slain by a brain worm (3 damage)
             ... in a sewer.
             The game lasted 00:04:55 (2588 turns).

Ashen the Sneak (Gnoll Enchanter)                   Turns: 2588, Time: 00:04:55

Health: -1/38      AC:  4    Str:  7    XL:     5   Next: 75%
Magic:  0/12       EV: 14    Int: 14    God:
Gold:   59         SH:  0    Dex: 15    Spells: 3/14 levels left

rFire   . . .        a - +1 dagger
rCold   . . .        (no shield)
rNeg    . . .        b - +0 robe
rPois   .            g - +1 helmet
rElec   .            (no cloak)
rCorr   .            (no gloves)
SInv    .            (no boots)
Will    .....        (no amulet)
Stlth   +++          (no ring)
HPRegen 0.26/turn    (no ring)
MPRegen 0.13/turn

%: no passive effects
@: no status effects
A: fangs 1, strong nose, distributed training
a: no special abilities


You were in a sewer.
You visited 1 branch of the dungeon, and saw 3 of its levels.
You also visited: Sewer.

You collected 59 gold pieces.

Inventory:

Hand Weapons
 a - a +1 dagger (weapon)
 e - a +2 short sword of freezing
Armour
 b - a +0 robe (worn)
 g - a +1 helmet (worn)
Scrolls
 h - a scroll of enchant armour {unknown}
 l - a scroll of torment {unknown}
 n - a scroll of immolation {unknown}
Potions
 c - a potion of invisibility
 d - a potion of cancellation {unknown}
 f - a potion of curing {unknown}
 i - a potion of brilliance {unknown}
 j - 2 potions of magic {unknown}
 k - a potion of haste {unknown}
 m - a potion of heal wounds {unknown}


   Skills:
 + Level 1.7 Fighting
 + Level 3.1 Short Blades
 + Level 1.7 Long Blades
 + Level 1.7 Axes
 + Level 1.7 Maces & Flails
 + Level 1.7 Polearms
 + Level 1.7 Staves
 + Level 1.7 Ranged Weapons
 + Level 1.7 Throwing
 + Level 1.7 Armour
 + Level 4.9 Dodging
 + Level 6.2 Stealth
 + Level 1.7 Shields
 + Level 1.7 Unarmed Combat
 + Level 5.2 Spellcasting
 + Level 1.3 Conjurations
 + Level 5.6 Hexes
 + Level 1.3 Summonings
 + Level 1.3 Necromancy
 + Level 1.3 Translocations
 + Level 1.3 Fire Magic
 + Level 1.3 Ice Magic
 + Level 1.3 Air Magic
 + Level 1.3 Earth Magic
 + Level 1.3 Alchemy
 + Level 1.9 Invocations
 + Level 1.7 Evocations
 + Level 1.5 Shapeshifting


You had 3 spell levels left.
You knew the following spells:

 Your Spells              Type           Power      Damage    Failure   Level
a - Ensorcelled Hibernat  Hex/Ice        26%        N/A       6%          2
b - Confusing Touch       Hex            19%        N/A       4%          3
c - Tukima's Dance        Hex            19%        N/A       4%          3
d - Dazzling Flash        Conj/Hex       26%        N/A       12%         3

Your spell library contained the following spells:

 Spells                   Type           Power      Damage    Failure   Level


Dungeon Overview and Level Annotations

Branches:
Dungeon (3/15)              Sewer (1/1)

Altars:

Shops:
D:1 =


Innate Abilities, Weirdness & Mutations

You have very sharp teeth.
Your uncanny sense of smell can sniff out nearby items.
Your experience applies equally to all skills.


Message History

The adder misses you. The adder closely misses you.
You hit the adder.
The adder is almost dead.
The adder barely misses you.
You hit the adder.
You kill the adder!
You hit the brain worm.
The brain worm is moderately wounded.
You hit the brain worm.
The brain worm is moderately wounded.
The brain worm barely misses you.
You hit the brain worm.
The brain worm is heavily wounded.
The brain worm splashes around in the water.
You hit the brain worm.
You bite the brain worm, but do no damage.
The brain worm is heavily wounded.
The brain worm bites you.
You barely miss the brain worm.
The brain worm is heavily wounded.
You hit the brain worm.
You bite the brain worm, but do no damage.
The brain worm is severely wounded.
The brain worm's bulging head throbs.
Something gnaws heavily on your mind!
You feel your power leaking away.
You hit the brain worm.
The brain worm is severely wounded.
The brain worm's throbbing head pulsates.
Something gnaws heavily on your mind!
You feel your power leaking away.
You hit the brain worm.
The brain worm is almost dead.
The brain worm's bulging head throbs.
Something gnaws heavily on your mind!
* * * LOW HITPOINT WARNING * * *
You barely miss the brain worm.
The brain worm is severely wounded.
The brain worm bites you.
You die...

#~# #~# ≈≈≈≈≈≈≈≈#~# #
≈≈≈≈≈≈≈≈≈#)# ≈#
≈≈≈≈≈≈≈≈≈≈#~# ≈≈#
≈≈≈≈≈≈≈≈≈≈#~#≈≈~~.P~.~~..
≈≈≈≈≈≈≈~~.#~#.~.P.~P....~
≈≈≈≈≈≈≈...#w#.~~~..~.~~..
≈≈≈≈≈≈~~..P@P~P...~~.~~#
≈≈≈≈≈≈.~..~P~P..~~~.~~# ∆
≈≈≈≈≈..P..~..~~.~~.~.~#
≈≈≈≈≈.P...~..†...~.~..#
≈≈≈≈≈#~#~~~.~.~~...~~######
≈≈≈≈ #~#~~.~~~~~..~..~~~~~~
≈≈≈ #~#~#########..†#####
#~#.~~~~~†~~~PP.~## ∆
#~#~####.####P~~..#


You could see a brain worm.

Vanquished Creatures
  A kobold brigand (Sewer)
  4 gnolls (D:2)
  A river rat (Sewer)
  4 adders
  A dart slug (D:1)
  6 endoplasms
  4 giant cockroaches
  3 hobgoblins (D:1)
  3 jackals (D:3)
  4 quokkas
  3 ball pythons
  2 bats
  2 frilled lizards
  3 goblins
  5 kobolds
  7 rats
53 creatures vanquished.

Notes
Turn   | Place    | Note
-------+----------+-------------------------------------------
     0 | D:1      | Ashen the Gnoll Enchanter began the quest for the Orb.
     0 | D:1      | Reached XP level 1. HP: 13/13 MP: 6/6
   141 | D:1      | Found Nehyem's One-of-a-Kind Rings.
   207 | D:1      | Reached XP level 2. HP: 3/19 MP: 7/7
   593 | D:1      | Reached skill level 5 in Spellcasting
   593 | D:1      | Reached XP level 3. HP: 25/25 MP: 7/9
  1068 | D:2      | Reached skill level 6 in Stealth
  1068 | D:2      | Reached skill level 1 in Invocations
  1088 | D:2      | Reached skill level 1 in Fighting
  1088 | D:2      | Reached skill level 1 in Long Blades
  1088 | D:2      | Reached skill level 1 in Axes
  1088 | D:2      | Reached skill level 1 in Maces & Flails
  1088 | D:2      | Reached skill level 1 in Polearms
  1088 | D:2      | Reached skill level 1 in Staves
  1088 | D:2      | Reached skill level 1 in Ranged Weapons
  1088 | D:2      | Reached skill level 1 in Throwing
  1088 | D:2      | Reached skill level 1 in Armour
  1088 | D:2      | Reached skill level 1 in Shields
  1088 | D:2      | Reached skill level 1 in Unarmed Combat
  1088 | D:2      | Reached skill level 1 in Evocations
  1515 | D:2      | Reached skill level 1 in Shapeshifting
  1515 | D:2      | Reached XP level 4. HP: 32/32 MP: 11/11
  1533 | D:2      | Learned a level 2 spell: Ensorcelled Hibernation
  1537 | D:2      | Learned a level 3 spell: Confusing Touch
  1541 | D:2      | Learned a level 3 spell: Tukima's Dance
  1545 | D:2      | Learned a level 3 spell: Dazzling Flash
  1608 | D:2      | Reached skill level 1 in Conjurations
  1608 | D:2      | Reached skill level 1 in Summonings
  1608 | D:2      | Reached skill level 1 in Necromancy
  1608 | D:2      | Reached skill level 1 in Translocations
  1608 | D:2      | Reached skill level 1 in Fire Magic
  1608 | D:2      | Reached skill level 1 in Ice Magic
  1608 | D:2      | Reached skill level 1 in Air Magic
  1608 | D:2      | Reached skill level 1 in Earth Magic
  1608 | D:2      | Reached skill level 1 in Alchemy
  2097 | D:3      | Found a faded altar of an unknown god.
  2325 | D:3      | Found a glowing drain.
  2352 | Sewer    | Entered a sewer
  2492 | Sewer    | Reached XP level 5. HP: 37/37 MP: 5/12
  2559 | Sewer    | Noticed a kobold brigand
  2571 | Sewer    | Killed a kobold brigand
  2588 | Sewer    | Slain by a brain worm

Illustrated notes

Levels and vault maps discovered:
D:1:      ldierk_walled_garden, layout_basic, nicolae_shop_unique_rings,
          serial_bayou_pond_b, grunt_decor_cap
D:2:      layout_basic
D:3:      layout_basic, zin_angel, serial_shops, nicolae_shop_back_alley_shop,
          chequers_ecumenical_altar_simple, gup_sewer_entry_pipe, uniq_jessica
Sewer:    sewer_co_scattered_pipes

Skill      XL: |  1  2  3  4  5 |
---------------+----------------+-----
Spellcasting   | 5 |  5.2
Stealth        | 6 |  6.2
Invocations    | 1 |  1.9
Fighting       | 1 |  1.7
Long Blades    | 1 |  1.7
Axes           | 1 |  1.7
Maces & Flails | 1 |  1.7
Polearms       | 1 |  1.7
Staves         | 1 |  1.7
Ranged Weapons | 1 |  1.7
Throwing       | 1 |  1.7
Armour         | 1 |  1.7
Shields        | 1 |  1.7
Unarmed Combat | 1 |  1.7
Evocations     | 1 |  1.7
Shapeshifting  | 1 |  1.5
Conjurations   | 1 |  1.3
Summonings     | 1 |  1.3
Necromancy     | 1 |  1.3
Translocations | 1 |  1.3
Fire Magic     | 1 |  1.3
Ice Magic      | 1 |  1.3
Air Magic      | 1 |  1.3
Earth Magic    | 1 |  1.3
Alchemy        | 1 |  1.3
Short Blades   | 3 |  3.1
Dodging        | |  4.9
Hexes          | |  5.6

Action                     |  1- 3 |  4- 6 || total
---------------------------+-------+-------++-------
  Melee: Dagger            |    93 |   109 ||   202
         Bite              |     3 |    11 ||    14
         Punch             |     1 |     1 ||     2
   Cast: Ensorcelled Hiber |       |    13 ||    13
    Use: Potion            |     1 |       ||     1
   Stab: Sleeping          |     9 |     9 ||    18
         Invisible         |     2 |       ||     2
 Armour: Robe              |    26 |    36 ||    62
  Dodge: Dodged            |    53 |    56 ||   109
